 Dungeon Crawl Stone Soup version 0.30-a0-743-gbfdf073431 (webtiles) character file.

Game seed: 16504454794816781851

926 M4edhros the Ducker (level 8, 0/52 HPs)
             Began as an Octopode Delver on Feb 7, 2023.
             Was a Plaything of Xom.
             Succumbed to a killer bee's poison
             ... on level 7 of the Dungeon.
             The game lasted 00:09:40 (1004 turns).

M4edhros the Ducker (Octopode Delver)               Turns: 1004, Time: 00:09:40

Health: 0/52       AC:  8    Str: 11    XL:     8   Next: 10%
Magic:  6/8        EV: 16    Int: 13    God:    Xom [.*....]
Gold:   96         SH:  0    Dex: 15    Spells: 1/7 levels left

rFire   + . .      SeeInvis .    f - +0 mace (protect)
rCold   + . .      Faith    .    (no shield)
rNeg    . . .      Spirit   +    (helmet restricted)
rPois   +          Reflect  .    b - amulet of guardian spirit
rElec   .          Harm     .    h - ring of protection from cold
rCorr   .          Rampage  .    k - ring of protection from fire
Will    .....                    l - ring of poison resistance
Stlth   ++++                     (no ring)
HPRegen 0.28/turn                (no ring)
MPRegen 0.11/turn                (no ring)
                                 (no ring)
                                 (no ring)

@: lethally poisoned (0 -> -5), under a protective aura
A: almost no armour, amphibious, 8 rings, camouflage 1, gelatinous body 1,
(nimble swimmer 1), tentacles
a: Renounce Religion


You were on level 7 of the Dungeon.
You worshipped Xom.
You were a plaything of Xom.
You visited 2 branches of the dungeon, and saw 5 of its levels.

You collected 96 gold pieces.

Inventory:

Hand Weapons
 f - a +0 mace of protection (weapon)
Missiles
 j - 2 poisoned darts (quivered)
Jewellery
 b - an amulet of guardian spirit (around mantle)
 h - a ring of protection from cold (left tentacle)
 k - a ring of protection from fire (right tentacle)
 l - a ring of poison resistance (on tentacle)
Wands
 e - a wand of digging (2)
Scrolls
 a - a scroll of fog
 c - a scroll of fear
 g - a scroll of identify
 i - a scroll of enchant weapon
 m - a scroll of immolation {unknown}
 n - a scroll of enchant armour {unknown}


   Skills:
 + Level 3.4 Fighting
 + Level 1.3 Maces & Flails
 - Level 7.0 Dodging
 - Level 6.6 Stealth
 - Level 5.1 Unarmed Combat
 + Level 1.3 Transmutations
 + Level 1.6 Poison Magic


You had one spell level left.
You knew the following spells:

 Your Spells              Type           Power      Damage    Failure   Level
a - Apportation           Tloc           0%         N/A       30%         1
b - Alistair's Intoxicat  Tmut/Pois      2%         N/A       99%         5

Your spell library contained the following spells:

 Spells                   Type           Power      Damage    Failure   Level
 Lesser Beckoning         Tloc           0%         N/A       43%         2
 Gell's Gravitas          Tloc           0%         N/A       67%         3
 Teleport Other           Tloc           0%         N/A       67%         3


Dungeon Overview and Level Annotations

Branches:
Dungeon (7/15)             Temple (1/1) D:5

Altars:
Dithmenos
Elyvilon
Fedhas
Hepliaklqana
Kikubaaqudgha
Makhleb
Nemelex Xobeh
Qazlal
Sif Muna
Trog
Uskayaw
Vehumet
Wu Jian
Xom
Yredelemnul

Annotations:
D:6 Pookinis's ghost, novice DgCj
D:7 1 runed translucent door, Viceroy's ghost, novice BaIE


Innate Abilities, Weirdness & Mutations

You cannot wear most types of armour.
You are amphibious.
You can wear up to eight rings at the same time.
Your skin changes colour to match your surroundings (Stealth+).
Your rubbery body absorbs attacks. (AC +1, EV +1)
((You are camouflaged when in or above water. (Stealth+)))
You have tentacles for arms and can constrict up to eight enemies at once.


Message History

You are more poisoned.
The killer bee poisons you! The killer bee stings you!
* * * LOW HITPOINT WARNING * * *
It was a potion of magic.
Magic courses through your body.
Xom is amused.
* * * LOW HITPOINT WARNING * * *
You feel very sick. The killer bee stings you.
* * * LOW HITPOINT WARNING * * *
The killer bee closely misses you.
Okay, then.
Unknown command.
You hit the killer bee.
Your weapon exudes an aura of protection.
You grab the killer bee.
The killer bee is moderately wounded.
You constrict the killer bee.
* * * LOW HITPOINT WARNING * * *
You feel very sick.
The killer bee stings you but does no damage.
The killer bee misses you. The killer bee barely misses you.
You aren't carrying any potions.
As you read the scroll labelled OLOAQI JEUNOPT, it crumbles to dust.
It is a scroll of identify.
i - a scroll of enchant weapon You constrict the killer bee.
* * * LOW HITPOINT WARNING * * *
You feel sick. The killer bee barely misses you.
The killer bee closely misses you.
You hit the killer bee but do no damage.
The killer bee is heavily wounded.
You constrict the killer bee.
* * * LOW HITPOINT WARNING * * *
You feel very sick. The killer bee stings you.
The killer bee barely misses you.
You completely miss the killer bee.
The killer bee is heavily wounded.
You constrict the killer bee.
You die...
Xom chuckles heartily!

*** *** *,* *,* *,* *,* *** *,*
*,********** *,* *,* *,,,,,,,,,,*
*,* *,*
*,**************#****,**** ****,*
#,* *,,...,,,,,,,,*
,,,,,*##.##########.....,,,,,,***
****,*#........y@†......,,,,,,*
,,,.......#######.####..,,*,,,*
***##.....,,,****.#***,,,,,,,,***
***#.##.y,,,,,,,..,,,,,,,,,,,,,*
*,*#,*#.#,,,,,,,...,,,,,,,,,,*,*
**,**,*#.*,,*****..##*,,,,*,,**,*
,,,,,,,..,,>,,,**..#,,,,,,,,,,,,,
**,**,*#.**,*****..#,*,,,,*,,,,,,
,,,,,,**,**+*,,,,,,,,,,,,,,,,,,,,


You could see a killer bee.

Vanquished Creatures
  Eustachio (D:5)
  2 bullfrogs (D:7)
  A necrophage (D:6)
  2 scorpions
  A killer bee (D:7)
  2 hounds (D:6)
  3 orc priests (D:6)
  5 iguanas
  4 orc wizards
  4 adders
  2 shadow imps
  A worm (D:4)
  12 orcs
  A hobgoblin (D:4)
  A kobold (D:4)
42 creatures vanquished.

Notes
Turn   | Place    | Note
-------+----------+-------------------------------------------
     0 | D:5      | M4edhros the Octopode Delver began the quest for the Orb.
     0 | D:5      | Reached XP level 1. HP: 16/16 MP: 1/1
     6 | D:5      | Noticed Eustachio
    21 | D:5      | Noticed a quasit
    21 | D:5      | Noticed an iron imp
    31 | D:5      | Killed Eustachio
    32 | D:5      | Reached skill level 5 in Unarmed Combat
    32 | D:5      | Reached XP level 2. HP: 4/21 MP: 2/2
    32 | D:5      | Reached XP level 3. HP: 5/26 MP: 3/3
    32 | D:5      | Reached XP level 4. HP: 6/31 MP: 4/4
    32 | D:5      | Reached XP level 5. HP: 7/36 MP: 5/5
    66 | D:4      | Found a hide-covered altar of Uskayaw.
   147 | D:6      | Reached skill level 3 in Dodging
   147 | D:6      | Noticed Pookinis's ghost (novice DgCj)
   147 | D:6      | Noticed an ogre
   148 | D:6      | Found a transporter.
   152 | D:6      | Found a transporter.
   152 | D:6      | Noticed an ogre
   217 | D:6      | Reached XP level 6. HP: 39/42 MP: 6/6
   220 | D:6      | Reached skill level 4 in Dodging
   231 | D:6      | Found a hazy altar of Hepliaklqana.
   287 | D:6      | Reached skill level 5 in Dodging
   352 | D:7      | Reached XP level 7. HP: 44/46 MP: 7/7
   412 | D:5      | Found a staircase to the Ecumenical Temple.
   426 | Temple   | Entered the Ecumenical Temple
   436 | Temple   | Became a worshipper of Xom of Chaos
   499 | D:6      | Reached skill level 6 in Dodging
   514 | D:6      | XOM: silly message
   732 | D:4      | Reached skill level 7 in Dodging
   739 | D:4      | Learned a level 1 spell: Apportation
   745 | D:4      | Learned a level 5 spell: Alistair's Intoxication
   818 | D:4      | XOM: silly message
   840 | D:5      | XOM: chaos cloud
   903 | D:5      | XOM: scenery: summon butterflies
   913 | D:5      | Reached skill level 1 in Poison Magic
   959 | D:7      | Found a runed translucent door.
   960 | D:7      | Found a shadowy altar of Dithmenos.
   961 | D:7      | Noticed Viceroy's ghost (novice BaIE)
   980 | D:7      | XOM: 2-stop teleportation journey
   986 | D:7      | Reached skill level 1 in Maces & Flails
   986 | D:7      | Reached skill level 1 in Transmutations
   986 | D:7      | Reached XP level 8. HP: 41/52 MP: 6/8
   999 | D:7      | XOM: silly message
  1003 | D:7      | HP: 1/52 [poisoned by a killer bee]
  1004 | D:7      | Succumbed to a killer bee's poison

Illustrated notes

Levels and vault maps discovered:
D:4:      layout_gridville, general_overflow_altar,
          nicolae_overflow_hidden_temple, lightli_corner_chamber, uniq_pikel
D:5:      layout_cave_pods, minmay_temple_entry_offerings, uniq_duvessa,
          uniq_eustachio
D:6:      layout_loops_corners, mainiacjoe_overflow_cross_hatched,
          gammafunk_ghost_smash, uniq_edmund
D:7:      layout_basic, lemuel_round_altar, zin_angel,
          nicolae_gozag_cash_rules_everything_around_me,
          hellmonk_ghost_happy_afterlife, uniq_joseph, uniq_prince_ribbit1
Temple:   nicolae_temple_x_marks_the_god

Skill      XL: |  1  2  3  4  5  6  7 |
---------------+----------------------+-----
Unarmed Combat | 5 |  5.1
Dodging        | 3 5 7 |  7.0
Poison Magic   | 1 |  1.6
Maces & Flails | 1 |  1.3
Transmutations | 1 |  1.3
Fighting       | |  3.4
Stealth        | |  6.6

Action                     |  1- 3 |  4- 6 |  7- 9 || total
---------------------------+-------+-------+-------++-------
  Melee: Mace              |    12 |    40 |    95 ||   147
         Tentacles         |     3 |    13 |    37 ||    53
         Constrict         |     3 |    10 |    25 ||    38
         Punch             |     1 |     1 |     5 ||     7
  Throw: Dart              |       |     3 |     1 ||     4
  Evoke: Wand              |       |       |     1 ||     1
    Use: Potion            |     1 |     2 |     1 ||     4
         Scroll            |       |       |     3 ||     3
   Stab: Sleeping          |       |     3 |     8 ||    11
 Armour: Skin              |    15 |    15 |    28 ||    58
  Dodge: Dodged            |    30 |    24 |    72 ||   126

Table legend: (Time is in decaauts)
 A = Elapsed time spent in this place.
 B = Non-inter-level travel time spent in this place.
 C = Inter-level travel time spent in this place.
 D = Time resting spent in this place.
 E = Time spent auto-exploring this place.
 F = Levels seen in this place.
 G = Mean time per level.
                   A        B        C        D        E       F      G
               +--------+--------+--------+--------+--------+-----+--------+
         Total |   1016 |    932 |     84 |      0 |      0 |   5 |  203.2 |
       Dungeon |    975 |    891 |     84 |      0 |      0 |   4 |  243.8 |
        Temple |     40 |     40 |      0 |      0 |      0 |   1 |   40.0 |
               +--------+--------+--------+--------+--------+-----+--------+

Top non-repeatable levels by time:
     D:4: 305 daAuts
     D:6: 296 daAuts
     D:5: 283 daAuts
     D:7: 89 daAuts
  Temple: 40 daAuts
